 Dungeon Crawl Stone Soup version 0.22.0-38-g04b72b8 (webtiles) character file.

104 Lew the Ducker (level 4, -9/28 HPs)
             Began as a Gargoyle Fighter on Aug 30, 2018.
             Mangled by an ogre
             ... wielding a +0 giant club
              (12 damage)
             ... on level 3 of the Dungeon.
             The game lasted 00:03:37 (1771 turns).

Lew the Ducker (Gargoyle Fighter)                   Turns: 1771, Time: 00:03:38

Health: -9/28      AC: 10    Str: 20    XL:     4   Next: 80%
Magic:  4/4        EV:  8    Int:  8    God:
Gold:   146        SH:  9    Dex: 10    Spells: 3/3 levels left

rFire    . . .     SeeInvis .   a - +0 war axe
rCold    . . .     Gourm    .   c - +0 shield
rNeg     + . .     Faith    .   b - +0 scale mail
rPois    ∞         Spirit   .   (no helmet)
rElec    +         Reflect  .   (no cloak)
rCorr    .         Harm     .   (no gloves)
MR       .....                  (no boots)
Stlth    ..........             (no amulet)
HPRegen  0.09/turn              (no ring)
MPRegen  0.09/turn              (no ring)

@: no status effects
A: negative energy resistance 1, electricity resistance, unbreathing,
petrification resistance, rot immunity, AC +3
a: no special abilities


You were on level 3 of the Dungeon.
You were not hungry.

You visited 1 branch of the dungeon, and saw 3 of its levels.

You collected 146 gold pieces.

Inventory:

Hand Weapons
 a - a +0 war axe (weapon)
Armour
 b - a +0 scale mail (worn)
 c - a +0 shield (worn)
Scrolls
 e - 2 scrolls of remove curse
 i - a scroll of immolation
 j - a scroll of teleportation
 l - 2 scrolls of identify
 n - a scroll of fear
 o - a scroll of magic mapping {unknown}
Potions
 d - a potion of might
 g - 2 potions of resistance
 h - 3 potions of lignification
 k - a potion of ambrosia
 m - a potion of degeneration {unknown}
Comestibles
 f - 7 rations


   Skills:
 - Level 3.2 Fighting
 - Level 1.7 Axes
 - Level 3.2 Armour
 + Level 3.5 Dodging
 - Level 3.2 Shields


You had 3 spell levels left.
You didn't know any spells.
Your spell library was empty.

Dungeon Overview and Level Annotations

Branches:
Dungeon (3/15)

Altars:
Ru


Innate Abilities, Weirdness & Mutations

You are resistant to torment.
Your stone body is resilient. (AC +3)
You are immune to poison.
You resist negative energy. (rN+)
You are resistant to electric shocks. (rElec)
You can survive without breathing.
You are immune to petrification.
You are immune to rotting.


Message History

An ogre is nearby!
You are too injured to fight recklessly!
An ogre is nearby!
An ogre is nearby!
You are too injured to fight recklessly!
Okay, then.
You see here a dagger.
The ogre hits you with a giant club.
* * * LOW HITPOINT WARNING * * *
You see here 2 stones.
Found a scroll of identify.
An orc comes into view.
The orc shouts!
The orc moves out of view.
An orc and an orc priest come into view.
The orc shouts!
The orc priest shouts!
Found 21 arrows.
There is a stone staircase leading up here.
The ogre hits you with a giant club!
You die... ###### ... .... .o. ###### (o?

######### .....# #o#
#..O@...# ####.## #.#
#<......#
......###.###...>...#
.............o......#
.÷........o.?.......#
...........÷........#
........#..#........#
.....)((#.##..#######
........#.##..#


You could see an ogre and 2 orcs.

Vanquished Creatures
  3 adders
  An ooze (D:2)
  An adder skeleton (D:2)
  A dart slug (D:2)
  A leopard gecko (D:1)
  An orc (D:2)
  4 bats
  A giant cockroach (D:2)
  8 goblins
  7 hobgoblins
  10 jackals
  8 kobolds
  A ball python skeleton (D:2)
  4 frilled lizards
  A jackal zombie (D:2)
  A leopard gecko zombie (D:2)
  A quokka skeleton (D:2)
  A quokka zombie (D:2)
  8 rats
63 creatures vanquished.

Notes
Turn   | Place    | Note
-------+----------+-------------------------------------------
     0 | D:1      | Lew the Gargoyle Fighter began the quest for the Orb.
     0 | D:1      | Reached XP level 1. HP: 14/14 MP: 1/1
    71 | D:1      | Reached skill level 1 in Dodging
    76 | D:1      | Reached XP level 2. HP: 9/19 MP: 2/2
   377 | D:1      | Reached XP level 3. HP: 22/23 MP: 3/3
   997 | D:2      | Reached XP level 4. HP: 26/28 MP: 4/4
  1479 | D:3      | Found a sacrificial altar of Ru.
  1705 | D:3      | Noticed an ogre
  1771 | D:3      | Mangled by an ogre

Skill      XL: |  1  2  3  4 |
---------------+-------------+-----
Dodging        | 1 2 3 |  3.5
Fighting       | |  3.2
Axes           | |  1.7
Armour         | |  3.2
Shields        | |  3.2

Action                   |  1- 3 |  4- 6 || total
-------------------------+-------+-------++-------
Melee: War axe           |   135 |    88 ||   223
  Use: Scroll            |     7 |     4 ||    11
  Eat: Chunk             |       |     3 ||     3
Armor: Scale mail        |   100 |    49 ||   149
Dodge: Dodged            |    46 |    35 ||    81
Block: Shield            |   103 |    67 ||   170
